 Dungeon Crawl Stone Soup version 0.22.1-2-g9c5b331 (webtiles) character file.

35 spiff the Ruffian (level 3, 34/35 HPs)
             Began as a Troll Warper on Nov 27, 2018.
             Quit the game on level 2 of the Dungeon on Nov 28, 2018.
             The game lasted 00:01:27 (882 turns).

spiff the Ruffian (Troll Warper)                     Turns: 882, Time: 00:01:28

Health: 34/35      AC:  5    Str: 20    XL:     3   Next: 17%
Magic:  3/3        EV: 10    Int:  9    God:
Gold:   43         SH:  0    Dex:  9    Spells: 4/4 levels left

rFire    . . .     SeeInvis .     - Unarmed
rCold    . . .     Gourm    +   (no shield)
rNeg     . . .     Faith    .   a - +0 robe
rPois    .         Spirit   .   (helmet restricted)
rElec    .         Reflect  .   (no cloak)
rCorr    .         Harm     .   (gloves unavailable)
MR       .....                  (boots unavailable)
Stlth    +.........             (no amulet)
HPRegen  0.51/turn              (no ring)
MPRegen  0.08/turn              (no ring)

@: no status effects
A: large, unfitting armour, claws 3, fast metabolism 3, gourmand, regeneration
1, shaggy fur 1, tough skin 2
a: no special abilities


You were on level 2 of the Dungeon.
You were full.

You visited 1 branch of the dungeon, and saw 2 of its levels.

You collected 43 gold pieces.

Inventory:

Missiles
 d - 5 tomahawks of dispersal (quivered)
Armour
 a - a +0 robe (worn)
Jewellery
 p - an uncursed amulet of the gourmand {unknown}
Scrolls
 b - a scroll of teleportation {unknown}
 c - a scroll of blinking
 g - a scroll of fog {unknown}
 h - a scroll of identify {unknown}
 i - a scroll of remove curse {unknown}
 k - a scroll of noise {unknown}
Potions
 e - a potion of lignification {unknown}
 j - a potion of curing {unknown}
 l - a potion of heal wounds {unknown}
 m - a potion of resistance {unknown}
 n - a potion of invisibility {unknown}
 o - a potion of might {unknown}
Comestibles
 f - 3 rations


   Skills:
 + Level 2.1 Fighting
 - Level 0.8 Throwing
 - Level 1.9 Dodging
 * Level 3.2 Unarmed Combat
 - Level 1.2 Spellcasting
   Level 2.1 Translocations


You had 4 spell levels left.
You didn't know any spells.
Your spell library contained the following spells:

 Spells                   Type           Power        Failure   Level  Hunger
 Blink                    Tloc           N/A          22%         2    ###....
 Shroud of Golubria       Chrm/Tloc      #.........   34%         2    ###....
 Gell's Gravitas          Tloc           #.........   41%         3    ####...
 Lesser Beckoning         Tloc           #.........   41%         3    ####...
 Teleport Other           Tloc           #.......     41%         3    ####...
 Passage of Golubria      Tloc           N/A          82%         4    #####..


Dungeon Overview and Level Annotations

Branches:
Dungeon (2/15)

Altars:


Innate Abilities, Weirdness & Mutations

You are too large for most types of armour.
You have claws for hands.
Your metabolism is lightning-fast.
You like to eat raw meat.
Your natural rate of healing is unusually fast.
You are covered in fur. (AC +1)
You have very tough skin. (AC +2)


Message History

No target in view!
A leopard gecko and a goblin come into view.
The goblin shouts!
The leopard gecko hisses angrily.
There are monsters nearby!
You miss the leopard gecko. The leopard gecko bites you.
The goblin barely misses you.
You scratch the leopard gecko.
You kill the leopard gecko!
The goblin hits you with a club.
You barely miss the goblin. The goblin closely misses you.
You claw the goblin!
You kill the goblin!
No target in view!
No target in view!
p - a thin garnet amulet
Okay, then.
Save game and exit?
Welcome back, spiff the Troll Warper.
Press ? for a list of commands and other information.
Are you sure you want to abandon this character and quit the game? (Confirm

..........#.... ..
..........'....
#.#####........#....
#####..........#.#######
#...#.......# #.#
#...........# #.#
#...........# #.#####
#........)..# #)....#
##.....@....# #.....#
........########.....#
....###..# #.........#
... ##.# #.........# #
#.###.^...#####
#..##.....#
####.##.....#
#......####.# #......#
#.#


There were no monsters in sight!

Vanquished Creatures
  An adder (D:2)
  A leopard gecko (D:2)
  A giant cockroach (D:1)
  6 goblins
  2 hobgoblins (D:1)
  3 jackals (D:2)
  A bat (D:1)
  2 frilled lizards
  3 kobolds (D:1)
  4 rats
24 creatures vanquished.

Notes
Turn   | Place    | Note
-------+----------+-------------------------------------------
     0 | D:1      | spiff the Troll Warper began the quest for the Orb.
     0 | D:1      | Reached XP level 1. HP: 19/19 MP: 1/1
   341 | D:1      | Reached XP level 2. HP: 24/28 MP: 2/2
   849 | D:2      | Reached skill level 3 in Unarmed Combat
   849 | D:2      | Reached XP level 3. HP: 27/35 MP: 3/3
   882 | D:2      | Quit the game

Skill      XL: |  1  2 |
---------------+-------+-----
Fighting       | 2 |  2.1
Unarmed Combat | 3 |  3.2
Throwing       | |  0.8
Dodging        | |  1.9
Spellcasting   | |  1.2
Translocations | |  2.1

Action                   || total
-------------------------++-------
Melee: Unarmed           ||    67
       Punch             ||     1
  Eat: Chunk             ||     6
       Ration            ||     1
Armor: Robe              ||    26
Dodge: Dodged            ||    30
